 Dungeon Crawl Stone Soup version 0.28-a0-1312-g71652a0310 (webtiles) character file.

Game seed: 8175705415323762245

35 bande the Covered (level 3, 0/23 HPs)
             Began as a Gargoyle Fighter on Dec 28, 2021.
             Slain by Robin (4 damage)
             ... on level 3 of the Dungeon.
             The game lasted 00:04:18 (1757 turns).

bande the Covered (Gargoyle Fighter)                Turns: 1757, Time: 00:04:19

Health: 0/23       AC: 17    Str: 19    XL:     3   Next: 35%
Magic:  3/3        EV:  5    Int:  8    God:
Gold:   64         SH:  4    Dex: 11    Spells: 2/2 levels left

rFire   . . .      SeeInvis .   a - +0 war axe
rCold   . . .      Faith    .   c - +0 buckler
rNeg    + . .      Spirit   .   l - +0 plate armour
rPois   ∞          Reflect  .   (no helmet)
rElec   +          Harm     .   k - +0 cloak
rCorr   .          Rampage  .   i - +0 pair of gloves
Will    .....                   (no boots)
Stlth   ..........              (no amulet)
HPRegen 0.07/turn               (no ring)
MPRegen 0.08/turn               (no ring)

@: no status effects
A: sickness immunity, AC +3, negative energy resistance 1, electricity
resistance, torment resistance 1, petrification resistance
a: no special abilities


You were on level 3 of the Dungeon.
You visited 1 branch of the dungeon, and saw 3 of its levels.

You collected 64 gold pieces.

Inventory:

Hand Weapons
 a - a +0 war axe (weapon)
Armour
 c - a +0 buckler (worn)
 i - a +0 pair of gloves (worn)
 k - a +0 cloak (worn)
 l - a +0 plate armour (worn)
Wands
 b - a wand of flame (22)
Scrolls
 f - a scroll of amnesia
Potions
 d - a potion of might
 e - 2 potions of curing {unknown}
 g - a potion of degeneration {unknown}
 h - a potion of attraction {unknown}
 j - 3 potions of heal wounds


   Skills:
 + Level 3.5 Fighting
 + Level 2.2 Axes
 + Level 3.8 Armour
 + Level 3.7 Shields
 * Level 0.1 Evocations


You had 2 spell levels left.
You didn't know any spells.
Your spell library was empty.

Dungeon Overview and Level Annotations

Branches:
Dungeon (3/15)

Altars:
Trog

Shops:
D:1 (

Annotations:
D:3 Robin


Innate Abilities, Weirdness & Mutations

You are immune to sickness and miasma.
Your stone body is resilient. (AC +3)
You are immune to poison.
You resist negative energy. (rN+)
You are resistant to electric shocks. (rElec)
You are resistant to unholy torment.
You are immune to petrification.


Message History

The goblins go into a battle-frenzy!
You hit the quokka.
The quokka is almost dead.
The quokka bites you but does no damage.
Robin throws the goblin at you! The quokka barely misses you.
The goblin hits you but does no damage.
You hit the quokka.
You kill the quokka!
You slash the goblin!
You kill the goblin!
Unknown command.
The hobgoblin closely misses you.
The hobgoblin hits you but does no damage.
The goblin hits you but does no damage.
Things that are here:
a +0 club; a quokka corpse; a hobgoblin corpse You hit the hobgoblin.
The hobgoblin is lightly wounded.
Your plate armour prevents you from hitting the goblin.
You hit the hobgoblin but do no damage.
A bat comes into view.
The hobgoblin hits you but does no damage.
The hobgoblin barely misses you. The goblin hits you with a +0 club.
Robin hits you but does no damage.
The hobgoblin hits you but does no damage. x2
The bat moves out of view.
You hit the hobgoblin.
The hobgoblin is heavily wounded.
You barely miss the hobgoblin. You hit the goblin.
The goblin hits you but does no damage. Robin hits you but does no damage.
The hobgoblin hits you but does no damage. x2
The goblin hits you but does no damage. Robin hits you but does no damage.
You barely miss the hobgoblin.
The hobgoblin is heavily wounded.
You hit the hobgoblin. You closely miss the goblin.
The hobgoblin barely misses you. The hobgoblin hits you.
The goblin hits you with a +0 club.
* * * LOW HITPOINT WARNING * * *
Robin hits you from afar with a +0 spear.
You die...

#########
.......#
#####.....#
##...##.⌠..#
#8....##.))#
#.._...##g.#
#8......##@##
##.......#gg#
..#####...gg.#
.......##..#..#
#......8#.##..#
##..._..###...#
##....8 ....#
##.. .g...#
...g..#


You could see Robin, 3 hobgoblins and a goblin (strong).

Vanquished Creatures
  A worm (D:2)
  5 ball pythons
  2 bats (D:1)
  An endoplasm (D:2)
  2 giant cockroaches
  8 goblins
  3 hobgoblins
  A quokka (D:3)
  4 frilled lizards
  A kobold (D:2)
  3 rats (D:2)
31 creatures vanquished.

Vanquished Creatures (others)
  5 plants (D:3)
5 creatures vanquished.

Grand Total: 36 creatures vanquished

Notes
Turn   | Place    | Note
-------+----------+-------------------------------------------
     0 | D:1      | bande the Gargoyle Fighter began the quest for the Orb.
     0 | D:1      | Reached XP level 1. HP: 14/14 MP: 1/1
   539 | D:1      | Reached XP level 2. HP: 19/19 MP: 2/2
  1293 | D:2      | Found a faded altar of an unknown god.
  1600 | D:2      | Reached XP level 3. HP: 23/23 MP: 3/3
  1720 | D:3      | Found a faded altar of an unknown god.
  1720 | D:3      | Found a bloodstained altar of Trog.
  1734 | D:3      | Noticed Robin
  1757 | D:3      | Slain by Robin

Illustrated notes

Levels and vault maps discovered:
D:1:      wander_arrival_lonely_grave, layout_loops_corners, serial_shops,
          shop_fountains, minmay_misc_feat_rugged, grunt_decor_fettered
D:2:      layout_loops_ring, hellmonk_ecumenical_altar_lost_god
D:3:      layout_basic, nicolae_overflow_ecumenical_swirl, kennysheep_boxes,
          uniq_robin, uniq_ijyb, uniq_grinder

Skill      XL: |  1  2 |
---------------+-------+-----
Axes           | 2 |  2.2
Fighting       | |  3.5
Armour         | |  3.8
Shields        | |  3.7
Evocations     | |  0.1

Action                   || total
-------------------------++-------
Melee: War axe           ||    96
  Use: Scroll            ||     3
Armor: Scale mail        ||    29
       Plate armour      ||    72
Dodge: Dodged            ||    41
Block: Buckler           ||    21

Table legend: (Time is in decaauts)
 A = Elapsed time spent in this place.
 B = Non-inter-level travel time spent in this place.
 C = Inter-level travel time spent in this place.
 D = Time resting spent in this place.
 E = Time spent auto-exploring this place.
 F = Levels seen in this place.
 G = Mean time per level.
                   A        B        C        D        E       F      G
               +--------+--------+--------+--------+--------+-----+--------+
         Total |   1796 |   1796 |      0 |      0 |   1452 |   3 |  598.7 |
       Dungeon |   1796 |   1796 |      0 |      0 |   1452 |   3 |  598.7 |
               +--------+--------+--------+--------+--------+-----+--------+

Top non-repeatable levels by time:
     D:1: 975 daAuts
     D:2: 724 daAuts
     D:3: 96 daAuts
